 Dungeon Crawl Stone Soup version 0.24-a0-439-g6dd8730de2 (webtiles) character file.

Game seed: 16309025462112430535

2930 nikopol the Thaumaturge (level 9, 0/47 HPs)
             Began as a Deep Elf Fire Elementalist on June 17, 2019.
             Was a Follower of Vehumet.
             Slain by Erica
             ... wielding a +4 scimitar of flaming
              (6 damage)
             ... on level 8 of the Dungeon.
             The game lasted 00:23:43 (7555 turns).

nikopol the Thaumaturge (DEFE)                      Turns: 7555, Time: 00:23:45

Health: 0/47       AC:  3    Str:  5    XL:     9   Next: 50%
Magic:  20/24      EV: 14    Int: 24    God:    Vehumet [*.....]
Gold:   338        SH:  5    Dex: 15    Spells: 8/26 levels left

rFire    . . .     SeeInvis .   s - +0 dagger (drain)
rCold    . . .     Gourm    .   l - +0 buckler
rNeg     . . .     Faith    .   a - +0 robe
rPois    +         Spirit   .   (no helmet)
rElec    .         Reflect  .   (no cloak)
rCorr    .         Harm     .   n - +0 pair of gloves
MR       .....                  (no boots)
Stlth    +++.......             u - amulet of magic regeneration
HPRegen  0.15/turn              f - ring of poison resistance
MPRegen  0.44/turn              (no ring)

@: no status effects
A: no striking features
a: Renounce Religion


You were on level 8 of the Dungeon.
You worshipped Vehumet.
Vehumet was aware of your devotion.
You were not hungry.

You visited 2 branches of the dungeon, and saw 9 of its levels.

You collected 338 gold pieces.

Inventory:

Hand Weapons
 h - a +0 dagger
 s - a +0 dagger of draining (weapon)
Armour
 a - a +0 robe (worn)
 l - a +0 buckler (worn)
 n - a +0 pair of gloves (worn)
Jewellery
 f - a ring of poison resistance (left hand)
 u - an amulet of magic regeneration (around neck)
Wands
 B - a wand of iceblast (10)
 C - a wand of digging (3)
Scrolls
 b - 3 scrolls of enchant weapon
 g - a scroll of blinking {unknown}
 j - 2 scrolls of teleportation {unknown}
 q - 3 scrolls of remove curse
 r - a scroll of noise {unknown}
 t - 3 scrolls of enchant armour
 y - 3 scrolls of identify
 z - a scroll of fear {unknown}
Potions
 d - a potion of berserk rage
 e - 4 potions of heal wounds
 i - 4 potions of might
 k - 2 potions of brilliance
 m - a potion of lignification {unknown}
 o - 6 potions of curing
 p - 3 potions of magic
 v - a potion of agility {unknown}
 w - a potion of resistance {unknown}
 x - a potion of degeneration {unknown}
 A - a potion of ambrosia {unknown}
Comestibles
 c - 11 rations


   Skills:
 + Level 1.2 Fighting
 - Level 0.6 Short Blades
 + Level 4.3 Dodging
 + Level 4.1 Stealth
 + Level 4.3 Shields
 + Level 9.1 Spellcasting
 + Level 6.6 Conjurations
 + Level 0.6 Hexes
 + Level 8.0 Fire Magic


You had 8 spell levels left.
You knew the following spells:

 Your Spells              Type           Power        Failure   Level  Hunger
a - Flame Tongue          Conj/Fire      #####        1%          1    None
b - Throw Flame           Conj/Fire      #####.       1%          2    None
c - Conjure Flame         Conj/Fire      #####...     1%          3    None
d - Sticky Flame          Conj/Fire      #####...     2%          4    ##.....
e - Fireball              Conj/Fire      #####.....   8%          5    ####...
f - Dazzling Spray        Conj/Hex       ####..       3%          3    None

Your spell library contained the following spells:

 Spells                   Type           Power        Failure   Level  Hunger
 Sandblast                Erth           ##....       6%          1    None
 Inner Flame              Hex/Fire       ####....     3%          3    None
 Corona                   Hex            ##.....      4%          1    None
 Animate Skeleton         Necr           N/A          6%          1    None
 Pain                     Necr           ##..         6%          1    None
 Ensorcelled Hibernation  Hex/Ice        ##....       8%          2    None
 Confuse                  Hex            ##......     14%         3    None
 Tukima's Dance           Hex            ##......     14%         3    None
 Regeneration             Chrm/Necr      ##........   17%         3    None
 Vampiric Draining        Necr           ##........   17%         3    None
 Animate Dead             Necr           N/A          50%         4    ##.....


Dungeon Overview and Level Annotations

Branches:
Dungeon (8/15)             Temple (1/1) D:5
   Lair: D:8-11

Altars:
Ashenzari
Cheibriados
Dithmenos
Elyvilon
Fedhas
Gozag
Hepliaklqana
Kikubaaqudgha
Nemelex Xobeh
Qazlal
Ru
Sif Muna
Trog
Uskayaw
Vehumet
Xom
Yredelemnul
The Shining One

Annotations:
D:8 Erica


Message History

Erica gestures wildly while chanting.
Erica flickers and vanishes!
Deactivating autopickup; reactivate with Ctrl-A.
Found 8 gold pieces.
You hear some strange, mumbled words.
A bolt of poison appears from out of thin air!
The bolt of poison hits you! You resist.
A bullfrog skeleton comes into view.
You miss something. Something hits you! Something burns you.
Casting: Throw Flame (safe; 1% risk of failure)
Confirm with . or Enter, or press ? or * to list all spells.
Aiming: Sticky Flame (safe; 2% risk of failure)
Press: ? - help, Shift-Dir - straight line The sticky flame hits something!
Erica is covered in liquid flames!
The orc wizard shouts!
Erica burns!
Erica hits you with a +4 scimitar of flaming!
* * * LOW HITPOINT WARNING * * *
Erica burns you.
You die...

#..##..รท..... .
###.###........
@..########...##..#......
(. ............#.##.#....
.#)##)####.......#.......
..o.....#...........#....
#...........#.......#....
#.......##....####### #..
#....Z.@@....##
#.........#..#
............##
.........../..
..........#..#..
#.......####.# .
##....### .. ....$ ...


You could see Erica (burning), an orc wizard and a bullfrog skeleton.

Vanquished Creatures
  A hippogriff (D:8)
  An ice beast (D:7)
  3 orc warriors
  A black bear (D:6)
  4 ogres
  2 phantoms
  A centaur (D:6)
  4 bullfrogs
  2 scorpions
  2 howler monkeys
  3 crimson imps
  3 orc priests
  A centaur skeleton (D:4)
  A gnoll shaman (D:4)
  2 hounds
  A jelly (D:5)
  14 orc wizards
  A bullfrog skeleton (D:8)
  Terence (D:2)
  Natasha (D:2)
  3 iguanas
  4 worker ants
  A hound zombie (D:6)
  A worker ant zombie (D:6)
  11 gnolls
  3 adders
  3 shadow imps
  An ooze (D:3)
  A worm (D:4)
  A dart slug (D:1)
  4 leopard geckos
  30 orcs
  A ball python (D:1)
  3 bats
  2 giant cockroaches
  7 goblins
  8 hobgoblins
  7 jackals
  8 kobolds
  4 quokkas
  5 frilled lizards
  2 goblin skeletons (D:5)
  A goblin zombie (D:5)
  3 kobold skeletons (D:5)
  A kobold zombie (D:5)
  3 orc skeletons (D:5)
  An orc zombie (D:5)
  A rat (D:2)
169 creatures vanquished.

Notes
Turn   | Place    | Note
-------+----------+-------------------------------------------
     0 | D:1      | nikopol the Deep Elf Fire Elementalist began the quest for
                  | the Orb.
     0 | D:1      | Reached XP level 1. HP: 10/10 MP: 6/6
   277 | D:1      | Reached XP level 2. HP: 15/15 MP: 6/8
   938 | D:2      | Noticed Natasha
   946 | D:2      | Killed Natasha
   946 | D:2      | Reached XP level 3. HP: 18/19 MP: 3/10
  1012 | D:2      | Learned a level 2 spell: Throw Flame
  1016 | D:2      | Learned a level 3 spell: Conjure Flame
  1100 | D:2      | Noticed Terence
  1107 | D:2      | Killed Terence
  1107 | D:2      | Reached XP level 4. HP: 24/24 MP: 3/11
  1175 | D:2      | Learned a level 4 spell: Sticky Flame
  1442 | D:3      | Reached skill level 1 in Shields
  1442 | D:3      | Reached skill level 4 in Spellcasting
  1678 | D:3      | Found a hide-covered altar of Uskayaw.
  1752 | D:3      | Reached XP level 5. HP: 28/28 MP: 5/13
  2541 | D:4      | Found a blossoming altar of Fedhas.
  2547 | D:3      | Reached XP level 6. HP: 32/32 MP: 11/15
  2561 | D:4      | Reached skill level 5 in Fire Magic
  2605 | D:4      | Reached skill level 5 in Spellcasting
  3029 | D:4      | Reached XP level 7. HP: 22/36 MP: 13/17
  3038 | D:4      | Learned a level 5 spell: Fireball
  3601 | D:5      | Entered Level 5 of the Dungeon
  3830 | D:5      | Found a glowing golden altar of the Shining One.
  4023 | D:5      | Reached skill level 6 in Spellcasting
  4206 | D:5      | Found a staircase to the Ecumenical Temple.
  4210 | Temple   | Entered the Ecumenical Temple
  4317 | Temple   | Became a worshipper of Vehumet
  4822 | D:6      | Learned a level 3 spell: Dazzling Spray
  4883 | D:6      | Reached skill level 7 in Spellcasting
  4883 | D:6      | Reached XP level 8. HP: 2/42 MP: 6/20
  5701 | D:6      | Reached skill level 8 in Spellcasting
  5701 | D:6      | Reached skill level 5 in Conjurations
  5707 | D:6      | Reached skill level 1 in Fighting
  5808 | D:6      | Reached XP level 9. HP: 46/47 MP: 13/23
  6168 | D:6      | Found an ancient bone altar of Kikubaaqudgha.
  6731 | D:7      | Reached * piety under Vehumet
  6731 | D:7      | Offered knowledge of Sandblast by Vehumet.
  6804 | D:7      | Found a sacrificial altar of Ru.
  7217 | D:8      | Noticed Erica
  7343 | D:8      | Reached skill level 9 in Spellcasting
  7555 | D:8      | Slain by Erica

Levels and vault maps discovered:
D:1:      beargit_arrival_greenhouse, layout_basic
D:2:      layout_loops_ring, first_ration, uniq_terence, uniq_natasha
D:3:      layout_basic, eat_drink_and_be_merry_uskayaw
D:4:      layout_loops_ring, fedhas_altar_1
D:5:      layout_basic, nicolae_tso_besieged_by_evil, minmay_temple_entry_grid
D:6:      minmay_clustersquares, layout_loops_ring,
          nicolae_overflow_hidden_temple
D:7:      layout_layer_cave, grunt_ogre_cave, lemuel_statue_altar
D:8:      layout_rooms, lair_entry_dummy, special_room [special_room_orc],
          ebering_ghost_rock_garden, uniq_erica
Temple:   dpeg_five_rooms_temple

Skill      XL: |  1  2  3  4  5  6  7  8  9 |
---------------+----------------------------+-----
Fire Magic     | 4 5 6 7 8 |  8.0
Stealth        | 3 4 |  4.1
Shields        | 1 2 3 4 |  4.3
Spellcasting   | 4 5 7 8 9 |  9.1
Conjurations   | 2 3 4 5 6 |  6.6
Dodging        | 3 4 |  4.3
Fighting       | 1 |  1.2
Short Blades   | |  0.6
Hexes          | |  0.6

Action                   |  1- 3 |  4- 6 |  7- 9 || total
-------------------------+-------+-------+-------++-------
Melee: Dagger            |       |       |    43 ||    43
 Cast: Flame Tongue      |    44 |   141 |   215 ||   400
       Conjure Flame     |     1 |     5 |     3 ||     9
       Throw Flame       |       |     2 |    22 ||    24
       Sticky Flame      |       |       |    22 ||    22
       Dazzling Spray    |       |       |     8 ||     8
       Fireball          |       |       |     1 ||     1
Evoke: Wand              |       |       |     6 ||     6
  Use: Scroll            |       |     3 |     7 ||    10
       Potion            |       |       |     2 ||     2
  Eat: Chunk             |       |     6 |    15 ||    21
       Ration            |       |       |     1 ||     1
Armor: Robe              |     3 |     6 |    16 ||    25
Dodge: Dodged            |    11 |    16 |    71 ||    98
Block: Buckler           |       |     8 |    28 ||    36

Table legend:
 A = Non-vault XP
 B = Vault XP
 C = Vault XP percentage of total XP
 D = Non-vault monster count
 E = Vault monster count
 F = Vault count percentage of total count
                 A         B        C        D         E       F
            +---------+---------+-------+---------+---------+-------
      Total |    3669 |     518 |  12.4 |     146 |      23 |  13.6
            +---------+---------+-------+---------+---------+-------
        D:1 |      28 |       0 |   0.0 |      14 |       0 |   0.0
        D:2 |      17 |      71 |  80.7 |      12 |       2 |  14.3
        D:3 |     213 |       0 |   0.0 |      26 |       0 |   0.0
        D:4 |     682 |       0 |   0.0 |      35 |       0 |   0.0
        D:5 |     583 |      22 |   3.6 |      13 |      12 |  48.0
        D:6 |    1154 |     304 |  20.9 |      27 |       8 |  22.9
        D:7 |     479 |     121 |  20.2 |      11 |       1 |   8.3
        D:8 |     513 |       0 |   0.0 |       8 |       0 |   0.0
            +---------+---------+-------+---------+---------+-------
